Map: [ESL] Tropical Sacrifice

Players

Dark - Winner!

  • Race: Zerg Zerg
  • Spawn Location: 7:00

LiquidClem (Clem)

  • Race: Terran Terran
  • League: Master
  • Spawn Location: 1:00

VOD

Have the link to the VOD?

Description

Time

  • Played on: Nov. 6, 2022, 8:04 a.m.
  • Length: 14:30
Show
View Real Time Build Order
Export as new Build Order

Dark Zerg - Winner!

Build Orders: Hatch First 

Get SALT Encoding   

  12  0:00  Drone  
  13  0:13  Overlord  
  13  0:17  Drone  
  14  0:31  Drone  
  14  0:32  Drone  
  16  0:50  Hatchery  
  16  0:53  Drone  
  16  0:56  Drone  
  17  0:59  Drone  
  18  1:10  Extractor  
  17  1:15  Spawning Pool  
  17  1:18  Drone  
  17  1:21  Drone  
  18  1:30  Drone  
  19  1:39  Drone  
  20  1:50  Drone  
  21  2:03  Queen x2  
  21  2:04  Zergling x4  
  27  2:12  Zergling x2  
  27  2:14  Overlord  
  28  2:24  Hatchery  
  27  2:31  Drone  
  27  2:32  Drone  
  27  2:33  Drone  
  30  2:38  Drone  
  30  2:43  Queen  
  33  2:57  Overlord  
  33  2:58  Drone  
  34  2:59  Drone  
  34  3:02  Drone  
  36  3:09  Overlord  
  36  3:14  Queen  
  36  3:15  Drone  
  36  3:18  Drone  
  40  3:22  Drone x2  
  40  3:24  Drone  
  40  3:26  Drone  
  44  3:31  Metabolic Boost  
  44  3:38  Roach Warren  
  44  3:39  Extractor  
  44  3:40  Drone  
  43  3:41  Extractor  
  43  3:43  Drone  
  43  3:45  Drone  
  43  3:46  Drone  
  45  3:51  Drone x2  
  45  3:54  Drone  
  48  4:00  Overlord  
  48  4:06  Overlord  
  48  4:09  Overlord  
  48  4:12  Overlord  
  48  4:17  Overlord  
  48  4:19  Roach  
  48  4:20  Roach x2  
  48  4:23  Roach  
  56  4:26  Roach  
  56  4:29  Roach  
  60  4:32  Roach  
  60  4:34  Roach  
  60  4:37  Roach  
  68  4:45  Roach  
  68  4:46  Zergling x6  
  71  4:55  Zergling x10  
  71  4:59  Overlord  
  76  5:04  Ravager x2  
  76  5:05  Ravager  
  76  5:06  Overlord  
  79  5:08  Zergling x2  
  79  5:09  Zergling x2  
  81  5:16  Ravager  
  81  5:19  Zergling x4  
  84  5:22  Roach x2  
  84  5:27  Roach  
  87  5:29  Zergling x2  
  86  5:36  Zergling x4  
  57  6:04  Drone  
  57  6:05  Drone x13  
  69  6:13  Roach x4  
  77  6:19  Zergling x4  
  77  6:24  Queen  
  81  6:28  Zergling x4  
  81  6:32  Roach x2, Extractor  
  86  6:34  Zergling x2  
  86  6:39  Ravager x2  
  89  6:40  Overlord  
  89  6:42  Overlord  
  89  6:45  Zergling x2  
  89  6:46  Queen  
  92  6:47  Zergling x2  
  92  6:50  Ravager, Overlord  
  92  6:52  Zergling x4  
  96  6:55  Ravager  
  96  6:58  Overlord  
  96  7:00  Zergling x2  
  98  7:04  Zergling x6  
  98  7:05  Zergling x4  
  103  7:09  Zergling x2  
  103  7:15  Ravager x2  
  106  7:17  Zergling x10  
  101  7:33  Zergling x8  
  94  7:39  Zergling x10  
  86  7:46  Zergling x2  
  86  7:47  Zergling x6  
  86  7:50  Zergling x2  
  85  7:53  Lair  
  85  7:54  Drone  
  83  8:08  Drone x4  
  84  8:15  Extractor  
  84  8:16  Drone x2, Extractor, Evolution Chamber  
  84  8:18  Drone  
  83  8:25  Hatchery  
  70  8:28  Drone x7  
  70  8:33  Queen x2  
  81  8:37  Roach  
  81  8:38  Roach, Evolution Chamber  
  81  8:41  Roach x2  
  88  8:43  Zerg Ground Armor Level 1  
  88  8:45  Roach  
  90  8:51  Roach  
  92  8:59  Glial Reconstitution, Roach x7  
  106  9:05  Overlord x2  
  106  9:08  Zerg Missile Weapons Level 1  
  106  9:11  Roach  
  106  9:14  Roach x2  
  112  9:29  Hatchery  
  112  9:30  Drone x6  
  112  9:31  Drone x2  
  119  9:35  Roach x2  
  119  9:37  Roach  
  125  9:41  Overseer  
  125  9:45  Roach x3  
  131  9:47  Roach x2  
  131  9:50  Roach x2  
  139  9:53  Roach  
  139  9:57  Roach x2  
  145  10:01  Overlord x3  
  145  10:06  Overlord  
  145  10:13  Overlord  
  145  10:16  Overlord  
  145  10:22  Roach x7  
  145  10:26  Ravager  
  145  10:27  Ravager x3  
  163  10:33  Roach  
  163  10:34  Roach x3  
  171  10:37  Ravager  
  171  10:38  Ravager x4  
  176  10:46  Roach x5  
  176  10:49  Nydus Network  
  185  10:52  Ravager x3  
  185  10:56  Roach x2  
  191  10:59  Roach x2  
  191  11:04  Roach x2  
  194  11:25  Roach x2  
  164  11:28  Roach x10  
  163  11:36  Roach x6  
  158  11:40  Zerg Missile Weapons Level 2  
  158  11:42  Drone x4  
  158  11:44  Extractor  
  158  11:45  Extractor  
  160  11:47  Roach x2  
  160  11:50  Burrow  
  160  11:51  Tunneling Claws  
  164  11:59  Zerg Ground Armor Level 2  
  164  12:06  Roach x4  
  164  12:07  Roach  
  174  12:11  Ravager  
  175  12:17  Roach x5  
  175  12:19  Drone  
  175  12:21  Roach  
  188  12:31  Roach x3  
  188  12:32  Roach  
  196  12:38  Ravager  
  196  12:39  Ravager x3  
  196  12:42  Hatchery  
  199  13:05  Nydus Canal  
  199  13:09  Overseer  
  199  13:11  Roach x3  
  199  13:12  Roach x3  
  199  13:21  Roach  
  186  13:28  Roach x9  
  200  13:39  Nydus Canal  
  194  13:48  Roach x11  
  199  13:49  Roach x2  
  199  13:52  Roach x2  
  179  14:01  Roach  
  179  14:02  Roach x4  
  167  14:03  Roach x2  
  167  14:04  Roach x4  
Show
View Real Time Build Order
Export as new Build Order

LiquidClem Terran 

Build Orders: Hellion Opening, Reaper Expand 

Get SALT Encoding   

  12  0:00  SCV  
  13  0:12  SCV  
  14  0:17  Supply Depot  
  14  0:24  SCV  
  15  0:39  SCV  
  15  0:41  Barracks  
  16  0:44  Refinery  
  16  0:51  SCV  
  17  1:03  SCV  
  18  1:15  SCV  
  19  1:27  Reaper  
  19  1:28  Orbital Command  
  20  1:42  Command Center  
  20  1:49  Supply Depot  
  20  1:53  SCV  
  21  1:59  Marine  
  22  2:05  SCV  
  23  2:13  Factory  
  23  2:17  SCV  
  23  2:22  Barracks Reactor  
  25  2:30  SCV  
  25  2:31  Refinery  
  25  2:42  SCV  
  26  2:54  Orbital Command  
  26  2:55  SCV  
  26  2:58  Starport  
  27  3:04  Hellion x2  
  27  3:05  Barracks Tech Lab  
  31  3:07  SCV  
  32  3:16  Supply Depot  
  32  3:19  SCV x2  
  36  3:27  Hellion x2  
  36  3:31  SCV  
  36  3:32  SCV  
  40  3:34  Viking  
  40  3:40  Supply Depot  
  42  3:43  SCV  
  42  3:44  SCV  
  46  3:48  Hellion x2  
  49  3:55  SCV  
  49  3:56  SCV  
  50  4:04  Armory, Medivac  
  50  4:06  Supply Depot  
  50  4:07  SCV  
  50  4:09  SCV  
  54  4:18  Hellion x2  
  54  4:19  SCV  
  60  4:24  SCV  
  60  4:27  Marine  
  60  4:28  Supply Depot  
  61  4:32  SCV  
  62  4:45  Command Center  
  64  4:49  SCV  
  64  4:50  SCV  
  69  4:54  Supply Depot  
  69  4:57  Bunker  
  64  5:02  Barracks, SCV  
  64  5:04  Siege Tank, Marine x2  
  64  5:06  SCV  
  71  5:07  Barracks  
  71  5:08  Liberator  
  71  5:14  Supply Depot  
  74  5:19  SCV  
  74  5:20  SCV  
  76  5:22  Marine x2  
  76  5:25  Supply Depot  
  78  5:32  SCV  
  78  5:33  Supply Depot  
  79  5:36  Supply Depot  
  79  5:40  Siege Tank, Marine x2  
  84  5:49  SCV x2  
  78  5:53  Marine  
  65  5:58  Marine  
  65  5:59  Marine  
  65  6:01  SCV x2  
  65  6:03  Marine  
  57  6:09  Orbital Command  
  57  6:13  SCV x2  
  57  6:18  Marine x2  
  61  6:20  Factory Tech Lab  
  61  6:22  Stimpack, Marine  
  61  6:23  Barracks Reactor  
  61  6:25  SCV  
  63  6:26  SCV  
  63  6:28  Refinery  
  63  6:32  Engineering Bay  
  64  6:34  Engineering Bay  
  64  6:35  Refinery  
  64  6:37  SCV  
  64  6:38  Siege Tank  
  69  6:40  SCV  
  69  6:41  SCV  
  69  6:42  Marine  
  69  6:44  Marine  
  69  6:45  Marine  
  73  6:49  SCV, Orbital Command  
  73  6:51  Supply Depot, Starport Reactor  
  73  6:52  SCV  
  76  6:59  Terran Infantry Weapons Level 1  
  76  7:00  Supply Depot, Terran Infantry Armor Level 1  
  76  7:01  Marine x4  
  77  7:02  Marine  
  77  7:04  SCV x2  
  82  7:12  Supply Depot  
  82  7:13  Siege Tank  
  85  7:16  SCV x3  
  85  7:18  Marine  
  85  7:22  Marine x4  
  92  7:28  SCV x2  
  85  7:33  SCV  
  85  7:36  Marine  
  68  7:40  SCV x2, Marine x3  
  68  7:42  Marine  
  64  7:45  SCV  
  54  7:52  SCV x2  
  54  7:54  Marine  
  54  7:55  Siege Tank  
  54  7:58  SCV, Marine  
  61  7:59  Medivac  
  61  8:00  Marine  
  61  8:03  Marine  
  61  8:07  Marine  
  61  8:12  Marine  
  60  8:13  Medivac  
  60  8:15  Marine  
  60  8:16  Combat Shield  
  60  8:18  SCV  
  64  8:21  Marine  
  64  8:24  Marine, Orbital Command  
  64  8:25  Marine  
  57  8:30  SCV  
  57  8:32  SCV  
  59  8:36  Siege Tank  
  59  8:38  Marine  
  59  8:39  Marine  
  64  8:44  SCV, Marine  
  64  8:45  Medivac  
  64  8:47  Marine  
  69  8:48  SCV  
  69  8:49  SCV  
  69  8:51  Marine  
  72  8:56  SCV  
  72  8:57  Medivac  
  72  8:59  Marine  
  72  9:00  SCV, Marine  
  72  9:01  SCV  
  72  9:02  Marine  
  80  9:07  Barracks  
  80  9:11  Barracks  
  80  9:12  SCV  
  80  9:13  SCV  
  80  9:14  Marine  
  83  9:19  Siege Tank  
  86  9:25  Supply Depot, SCV  
  86  9:27  SCV  
  86  9:28  Marine x3  
  86  9:30  Marine  
  89  9:33  SCV  
  89  9:34  Marine  
  91  9:40  SCV, Terran Infantry Weapons Level 2  
  91  9:43  SCV  
  93  9:46  SCV, Marine  
  93  9:50  Supply Depot  
  93  9:52  Terran Infantry Armor Level 2  
  95  9:54  Marine  
  95  9:55  SCV  
  95  9:56  SCV  
  95  9:57  Barracks Reactor  
  95  9:59  SCV, Marine  
  100  10:00  Marine  
  100  10:02  Barracks Reactor  
  101  10:07  Supply Depot, SCV  
  101  10:08  SCV, Marine x2  
  101  10:12  Marine  
  107  10:15  Supply Depot  
  107  10:17  Marine  
  107  10:18  Siege Tank  
  112  10:24  Barracks  
  112  10:26  Barracks  
  112  10:27  Barracks  
  110  10:31  Marine x2  
  110  10:32  Marine x2  
  110  10:35  Marine  
  115  10:41  Marine  
  116  10:43  Medivac x2  
  116  10:48  Supply Depot, Marine x3  
  116  10:49  Marine x4  
  125  10:55  Marine  
  128  10:57  Supply Depot  
  128  10:59  Marine  
  129  11:06  Marine x3  
  129  11:07  Marine  
  129  11:09  Marine x3  
  129  11:10  Marine  
  137  11:11  Supply Depot  
  137  11:13  Marine  
  137  11:14  Siege Tank  
  137  11:17  Marine  
  142  11:20  Marine x2  
  142  11:24  Marine x3  
  142  11:25  Marine  
  118  11:27  Marine x3  
  101  11:33  Marine  
  101  11:38  Marine  
  86  11:49  Marine x2  
  86  11:52  SCV x2  
  86  11:53  SCV  
  91  11:59  Siege Tank, Marine  
  91  12:00  Marine  
  96  12:03  Marine  
  96  12:04  Marine  
  96  12:05  Marine x2  
  96  12:08  Marine x2  
  101  12:10  Marine  
  101  12:13  Marine x2  
  101  12:15  Marine  
  106  12:17  Marine  
  106  12:19  Medivac  
  106  12:20  Medivac  
  106  12:22  Marine x2  
  111  12:23  Marine  
  111  12:25  Marine  
  111  12:26  Marine x2  
  111  12:27  Marine  
  117  12:31  Siege Tank  
  117  12:32  Marine  
  117  12:33  Marine  
  117  12:34  Marine  
  117  12:36  Marine x2  
  125  12:40  Marine x2  
  125  12:41  Marine  
  125  12:43  Marine  
  129  12:44  Supply Depot  
  129  12:45  Marine  
  129  12:46  Marine  
  129  12:47  Marine  
  129  12:50  Marine  
  133  12:52  Marine x2  
  133  12:53  Marine  
  133  12:57  Marine  
  133  12:58  Marine  
  139  12:59  Marine  
  139  13:01  Marine  
  139  13:03  Supply Depot, Marine  
  139  13:05  Marine  
  142  13:08  Marine x2  
  144  13:13  Marine x2  
  144  13:14  Marine x2  
  144  13:17  Marine  
  145  13:27  Marine  
  145  13:29  Marine x5  
  145  13:30  Siege Tank  
  146  13:35  Missile Turret, Marine  
  146  13:36  Marine  
  147  13:48  Medivac  
  129  13:49  Marine x2  
  129  13:52  Marine  
  129  13:54  Marine  
  118  13:57  Marine x2  
  118  14:00  Marine x2  
Tags
 
Add a new tag
Caveats
  • Supply blocks, unpowered buildings, or Contaminate may cause inaccurate times.
  • Supply counts are checked every 10 seconds.